 Dungeon Crawl Stone Soup version 0.19.1 (webtiles) character file.

20936 HarryHood the Fighter (level 12, -3/118 HPs)
             Began as a Minotaur Berserker on Nov 29, 2016.
             Was the Champion of Trog.
             Slain by an orc knight
             ... wielding a cursed -1 long sword
              (20 damage)
             ... on level 2 of the Orcish Mines on Dec 2, 2016.
             The game lasted 01:15:19 (12340 turns).

HarryHood the Fighter (Minotaur Berserker)         Turns: 12340, Time: 01:15:19

Health: -3/118     AC: 21    Str: 25    XL:     12   Next: 49%
Magic:  3/3        EV: 11    Int:  4    God:    Trog [******]
Gold:   1104       SH:  3    Dex: 12    Spells: 0 memorised, 11 levels left

rFire  . . .     SeeInvis .     K - +5 great mace (antimagic)
rCold  . . .     Gourm    .     D - +0 plate armour
rNeg   . . .     Faith    .     (shield currently unavailable)
rPois  .         Spirit   .     (helmet restricted)
rElec  .         Reflect  +     e - +1 cloak
rCorr  .         Harm     .     B - +0 pair of gloves
MR     .....                    C - +0 pair of boots
Stlth  ..........               F - +3 amulet of reflection
                                (no ring)
                                (no ring)

@: exhausted, slowed, very slow
A: retaliatory headbutt, horns 2
a: Berserk, Trog's Hand, Brothers in Arms, Burn Spellbooks, Renounce Religion


You were on level 2 of the Orcish Mines.
You worshipped Trog.
Trog was exalted by your worship.
You were hungry.

You visited 3 branches of the dungeon, and saw 14 of its levels.
You also visited: Ossuary.

You collected 1195 gold pieces.
You spent 91 gold pieces at shops.

Inventory:

Hand Weapons
 E - a +1 dire flail of draining
 K - a +5 antimagic great mace (weapon)
Missiles
 h - 6 javelins of returning (quivered)
 q - 360 stones
Armour
 e - a +1 cloak (worn)
 B - a +0 pair of gloves (worn)
 C - a +0 pair of boots (worn)
 D - a +0 plate armour (worn)
Jewellery
 F - a +3 amulet of reflection (around neck)
Wands
 g - a wand of lightning (15/15)
 o - a wand of teleportation (2/9)
 z - a wand of iceblast (6/15)
 M - a wand of flame (17/48)
Scrolls
 b - 9 scrolls of remove curse
 m - 5 scrolls of fear
 n - a scroll of recharging
 r - a scroll of fog
 t - 2 scrolls of enchant weapon
 y - 3 scrolls of teleportation
Potions
 a - 3 potions of ambrosia
 d - 6 potions of curing
 f - 4 potions of invisibility
 j - 3 potions of agility
 k - 2 potions of flight
 l - a potion of heal wounds
 p - 4 potions of berserk rage
 u - 5 potions of haste
 x - 2 potions of lignification {unknown}
 A - a potion of degeneration {unknown}
 G - a potion of cure mutation {unknown}
 I - a potion of beneficial mutation {unknown}
 J - a potion of might {unknown}
Comestibles
 c - 8 bread rations
 i - 9 fruits
 s - 18 chunks of flesh
 v - 9 beef jerkies
 w - 3 royal jellies
 H - 2 meat rations


   Skills:
 - Level 14.5 Fighting
 - Level 14.0 Maces & Flails
 * Level 12.1 Armour
 - Level 8.0 Dodging


You had 11 spell levels left.
You didn't know any spells.

Dungeon Overview and Level Annotations

Branches:
Dungeon (11/15)            Temple (1/1) D:6            Lair (0/6) D:11
    Orc (2/2) D:10            Elf (0/3) Orc:2

Altars:
Ashenzari
Cheibriados
Dithmenos
Elyvilon
Fedhas
Hepliaklqana
Kikubaaqudgha
Makhleb
Nemelex Xobeh
Okawaru
Qazlal
Ru
Sif Muna
Trog
Uskayaw
Vehumet
Xom
Yredelemnul
Zin
The Shining One
Beogh

Shops:
D:4 (   D:5 (%

Portals:
Trove: D:10 (give +5 demon trident)

Annotations:
D:8 exclusions: ice statue and obsidian statue


Innate Abilities, Weirdness & Mutations

You reflexively headbutt those who attack you in melee.
You have a pair of horns on your head.


Message History

The orc knight goes into a battle-frenzy!
You feel your anger subside.
You are no longer berserk.
You are exhausted.
You feel yourself slow down.
The orc priest looks satisfied for a moment.
The orc priest invokes the aid of Beogh against you.
Beogh smites you!
* * * LOW HITPOINT WARNING * * *
You pound the orc priest like an anvil!!!
You kill the orc priest!
Trog accepts your kill.
The orc priest miscasts a cantrip.
The orc knight roars a battlecry!
You closely miss the orc knight.
You headbutt the orc knight, but do no damage.
The orc knight no longer looks unusually strong.
The orc knight hits you with an enchanted long sword!
* * * LOW HITPOINT WARNING * * *
The orc knight hits you with an enchanted long sword!!
You die...

...... ###...... #####
#........ #.....## #...#.....
........####..........$....##
..........##...#......$......
.........#)..........#.....
.#.#.#.#.#.#..........#....#
.........o.o@.............##
.........).o...............#
o........).......#......#.#
.#.#.#.#.#.#.............#
.........##...........##
..........##........#)...####
........####.......).)...([(#
#.....## #....#.#......##(.
##### ##...####.....##..


You could see 2 orc knights and an orc priest.

Vanquished Creatures
  An ettin (Orc:2)
  The ghost of HAWKINGL3623 the Cleaver, a journeyman HOFi of Okawaru (D:10)
  2 orc high priests
  The ghost of Nurple the Cleaver, a novice MiFi of Okawaru (D:7)
  2 hill giants (D:11)
  2 orc knights
  2 orc sorcerers
  The ghost of ChaseSP the Ruffian, a novice DrTm of Hepliaklqana (D:6)
  A cyclops (D:11)
  An elephant (D:11)
  5 trolls
  A two-headed ogre (D:11)
  5 hippogriffs
  A wyvern (D:11)
  A hungry ghost (D:10)
  5 yaks (D:9)
  Eustachio (D:5)
  A warg (Orc:2)
  Duvessa (D:7)
  A water moccasin (D:8)
  17 orc warriors
  3 phantoms
  4 sky beasts
  A black bear (D:9)
  An eye of draining (D:8)
  A necrophage (D:8)
  9 centaurs
  7 ogres
  2 crocodiles
  2 big kobolds (D:10)
  2 elf zombies (Ossuary)
  4 bullfrogs
  Dowan (D:7)
  A water moccasin zombie (D:6)
  6 scorpions
  28 killer bees
  11 wights
  6 howler monkeys
  7 crimson imps
  2 centaur zombies (Ossuary)
  2 hounds
  4 jellies
  A quasit (D:11)
  2 bullfrog zombies
  A bullfrog skeleton (D:6)
  3 centaur skeletons
  21 orc priests
  20 orc wizards
  4 iguanas
  Terence (D:2)
  7 worker ants
  3 hound zombies
  3 mummies
  2 hound skeletons (D:8)
  A howler monkey zombie (D:7)
  2 worker ant zombies
  6 gnolls (D:2)
  7 adders
  4 shadow imps
  4 adder zombies (Ossuary)
  An adder skeleton (D:8)
  3 worms
  2 dart slugs
  5 leopard geckos
  81 orcs
  5 giant cockroaches
  8 goblins
  8 hobgoblins
  8 jackals
  5 quokkas
  3 ball pythons
  4 bats
  6 frilled lizards
  A goblin zombie (Ossuary)
  3 hobgoblin zombies (Ossuary)
  A jackal zombie (Ossuary)
  14 kobolds
  13 kobold zombies (Ossuary)
  10 orc zombies (Ossuary)
  A quokka skeleton (D:4)
  8 rats
  A rat zombie (Ossuary)
  A spectral orc (D:6)
441 creatures vanquished.

Vanquished Creatures (collateral kills)
  An orc knight (Orc:1)
  An orc sorcerer (Orc:1)
  2 orc warriors (Orc:2)
  A centaur (D:8)
  A big kobold (D:8)
  4 orc priests (Orc:2)
  A bullfrog skeleton (D:8)
  A worker ant (D:8)
  5 orcs
  A kobold (D:8)
18 creatures vanquished.

Vanquished Creatures (others)
  A human (D:4)
  A rat (D:1)
2 creatures vanquished.

Grand Total: 461 creatures vanquished

Notes
Turn   | Place    | Note
-------+----------+-------------------------------------------
     0 | D:1      | HarryHood the Minotaur Berserker began the quest for the Orb.
     0 | D:1      | Reached XP level 1. HP: 19/19 MP: 0/0
    98 | D:1      | Reached XP level 2. HP: 16/26 MP: 1/1
  1004 | D:1      | Reached skill level 5 in Maces & Flails
  1167 | D:2      | Reached XP level 3. HP: 31/31 MP: 2/2
  1434 | D:2      | Reached ** piety under Trog
  1439 | D:2      | Reached XP level 4. HP: 33/39 MP: 3/3
  1466 | D:2      | Noticed Terence
  1485 | D:2      | Killed Terence
  1938 | D:3      | Reached skill level 5 in Fighting
  1938 | D:3      | Reached XP level 5. HP: 48/48 MP: 4/4
  2044 | D:3      | Reached XP level 6. HP: 38/57 MP: 5/5
  3020 | D:4      | Reached skill level 5 in Armour
  3059 | D:4      | Reached *** piety under Trog
  3085 | D:4      | Found a hazy altar of Hepliaklqana.
  3208 | D:4      | Found an ancient bone altar of Kikubaaqudgha.
  3226 | D:4      | Noticed a human
  3230 | D:4      | Killed a human
  3237 | D:4      | Found Tepir's Weapon Boutique.
  3389 | D:4      | Found a shattered altar of Ashenzari.
  3399 | D:4      | Found a snail-covered altar of Cheibriados.
  3399 | D:4      | Found a shimmering altar of Xom.
  3407 | D:4      | Found an iron altar of Okawaru.
  3411 | D:4      | Found a glowing silver altar of Zin.
  3971 | D:5      | Entered Level 5 of the Dungeon
  3995 | D:5      | Found a shadowy altar of Dithmenos.
  4106 | D:5      | Found Qiom's Food Shoppe.
  4111 | D:5      | Bought a beef jerky for 21 gold pieces
  4111 | D:5      | Bought a slice of pizza for 21 gold pieces
  4111 | D:5      | Bought a beef jerky for 21 gold pieces
  4111 | D:5      | Bought a royal jelly for 28 gold pieces
  4199 | D:5      | Reached XP level 7. HP: 56/63 MP: 6/6
  4274 | D:5      | Noticed Eustachio
  4308 | D:5      | Killed Eustachio
  4397 | D:5      | Found Isoymux's Antique Weapon Shop.
  4527 | D:5      | Reached XP level 8. HP: 70/70 MP: 7/7
  4736 | D:5      | Found a sand-covered staircase.
  4750 | Ossuary  | Entered an ossuary
  4806 | Ossuary  | Reached **** piety under Trog
  4935 | Ossuary  | Reached skill level 10 in Maces & Flails
  5318 | D:6      | Noticed ChaseSP's ghost (novice DrTm)
  5343 | D:6      | Killed ChaseSP's ghost
  5343 | D:6      | Reached XP level 9. HP: 56/84 MP: 8/8
  5592 | D:6      | Reached ***** piety under Trog
  5723 | D:6      | Found a basalt altar of Yredelemnul.
  5833 | D:6      | Found a staircase to the Ecumenical Temple.
  5859 | D:6      | Reached skill level 10 in Fighting
  5872 | Temple   | Entered the Ecumenical Temple
  6097 | D:7      | Noticed Nurple's ghost (novice MiFi)
  6122 | D:7      | Killed Nurple's ghost
  6317 | D:7      | Noticed Duvessa
  6318 | D:7      | Noticed Dowan
  6325 | D:7      | Killed Duvessa
  6333 | D:7      | Killed Dowan
  6386 | D:7      | Reached skill level 10 in Armour
  6694 | D:7      | Received a gift from Trog
  6735 | D:7      | Reached skill level 5 in Dodging
  6735 | D:7      | Reached XP level 10. HP: 93/93 MP: 9/9
  7605 | D:8      | Noticed an obsidian statue
  7718 | D:8      | Noticed an ice statue
  7916 | D:8      | Received a gift from Trog
  8741 | D:9      | Found a deep blue altar of Sif Muna.
  8742 | D:9      | Found a blossoming altar of Fedhas.
  8907 | D:9      | Reached XP level 11. HP: 75/100 MP: 3/10
  9140 | D:10     | Entered Level 10 of the Dungeon
  9315 | D:10     | Noticed HAWKINGL3623's ghost (journeyman HOFi)
  9329 | D:10     | Killed HAWKINGL3623's ghost
  9462 | D:10     | Received a gift from Trog
  9480 | D:10     | Reached ****** piety under Trog
  9611 | D:10     | Noticed a sea snake
  9617 | D:10     | Found a staircase to the Orcish Mines.
  9707 | D:10     | Found a portal to a secret trove of treasure.
  9776 | D:10     | Noticed a sea snake
  9776 | D:10     | Noticed a sea snake
 10055 | D:11     | Noticed a hill giant
 10063 | D:11     | Killed a hill giant
 10421 | D:11     | Noticed a hill giant
 10432 | D:11     | Killed a hill giant
 10504 | D:11     | Found a staircase to the Lair.
 10519 | D:11     | Received a gift from Trog
 10866 | Orc:1    | Entered Level 1 of the Orcish Mines
 11020 | Orc:1    | Noticed an orc knight
 11037 | Orc:1    | Killed an orc knight
 11054 | Orc:1    | Noticed an orc knight
 11108 | Orc:1    | Noticed an orc high priest
 11115 | Orc:1    | Killed an orc high priest
 11115 | Orc:1    | Reached XP level 12. HP: 51/116 MP: 3/11
 11134 | Orc:1    | HP: 5/117 [orc knight/great mace (13)]
 11490 | Orc:1    | Found a roughly hewn altar of Beogh.
 11692 | Orc:2    | Entered Level 2 of the Orcish Mines
 11818 | Orc:2    | Found a staircase to the Elven Halls.
 11856 | Orc:2    | Noticed an ettin
 11865 | Orc:2    | Killed an ettin
 12319 | Orc:2    | Noticed an orc high priest
 12327 | Orc:2    | Killed an orc high priest
 12340 | Orc:2    | Slain by an orc knight

Skill      XL: |  1  2  3  4  5  6  7  8  9 10 11 12 |
---------------+-------------------------------------+-----
Maces & Flails | 4 5 6 8 10 12 14 | 14.0
Fighting       | 5 6 9 10 13 14 | 14.5
Armour         | 3 5 6 10 12 | 12.1
Dodging        | 5 8 |  8.0

Action                   |  1- 3 |  4- 6 |  7- 9 | 10-12 || total
-------------------------+-------+-------+-------+-------++-------
Melee: Whip              |    50 |   107 |   379 |       ||   536
       Mace              |     3 |       |       |       ||     3
       Headbutt          |     6 |    29 |    84 |    97 ||   216
       Flail             |     8 |    16 |     6 |    78 ||   108
       Great mace        |       |       |       |   509 ||   509
Throw: Javelin           |       |       |       |     2 ||     2
Invok: Burn Spellbooks   |       |     1 |     1 |     3 ||     5
       Berserk           |       |       |     3 |     3 ||     6
       Brothers in Arms  |       |       |       |     3 ||     3
       Trog's Hand       |       |       |       |     1 ||     1
  Use: Scroll            |     5 |    10 |     5 |     4 ||    24
       Potion            |       |       |       |     2 ||     2
 Stab: Distracted        |       |       |     1 |       ||     1
  Eat: Chunk             |     1 |     7 |    10 |    18 ||    36
       Fruit             |       |     2 |       |       ||     2
       Pizza             |       |       |     1 |       ||     1
       Bread ration      |       |       |       |     1 ||     1
Armor: Animal skin       |     6 |       |       |       ||     6
       Leather armour    |     9 |     3 |       |       ||    12
       Chain mail        |       |    43 |    83 |       ||   126
       Plate armour      |       |       |    39 |   333 ||   372
Dodge: Dodged            |    38 |    32 |   118 |   299 ||   487
Block: Other             |       |       |       |    85 ||    85
       Reflection        |       |       |       |     8 ||     8
